 Dungeon Crawl Stone Soup version 0.28-a0-172-g787e458d71 (webtiles) character file.

Game seed: 3182832564885048805

158 rabbitsville the Stinger (level 5, 0/31 HPs)
             Began as an Octopode Venom Mage on Aug 16, 2021.
             Killed from afar by a dart slug (4 damage)
             ... with a slug dart
             ... on level 3 of the Dungeon.
             The game lasted 00:24:41 (3698 turns).

rabbitsville the Stinger (Octopode Venom Mage)      Turns: 3698, Time: 00:24:42

Health: 0/31       AC:  5    Str:  7    XL:     5   Next: 40%
Magic:  10/10      EV: 13    Int: 19    God:
Gold:   95         SH:  0    Dex: 12    Spells: 8/11 levels left

rFire   . . .      SeeInvis .   a - +0 whip
rCold   . . .      Faith    .   (no shield)
rNeg    . . .      Spirit   .   (helmet restricted)
rPois   .          Reflect  .   (no amulet)
rElec   .          Harm     .   i - +4 ring of protection
rCorr   +          Rampage  .   k - ring of resist corrosion
Will    .....                   (no ring)
Stlth   ++++......              (no ring)
HPRegen 0.10/turn               (no ring)
MPRegen 0.12/turn               (no ring)
                                (no ring)
                                (no ring)

@: no status effects
A: almost no armour, amphibious, 8 rings, camouflage 1, gelatinous body 1,
(nimble swimmer 1), tentacles
a: no special abilities


You were on level 3 of the Dungeon.
You visited 1 branch of the dungeon, and saw 5 of its levels.

You collected 95 gold pieces.

Inventory:

Hand Weapons
 a - a +0 whip (weapon)
Missiles
 l - 5 boomerangs
Jewellery
 i - a +4 ring of protection (left tentacle)
 k - a ring of resist corrosion (right tentacle)
Scrolls
 b - 2 scrolls of identify {unknown}
 c - a scroll of teleportation
 f - a scroll of enchant armour {unknown}
 h - a scroll of blinking {unknown}
Potions
 d - a potion of invisibility {unknown}
 e - a potion of attraction {unknown}
 g - a potion of curing {unknown}
 j - a potion of berserk rage {unknown}


   Skills:
 - Level 2.0 Dodging
 + Level 4.3 Stealth
 * Level 3.6 Spellcasting
 - Level 1.0 Transmutations
 + Level 1.4 Air Magic
 + Level 4.5 Poison Magic


You had 8 spell levels left.
You knew the following spells:

 Your Spells              Type           Power      Damage    Failure   Level
a - Sting                 Tmut/Pois      56%        1d5       4%          1
b - Poisonous Vapours     Pois/Air       28%        N/A       6%          2

Your spell library contained the following spells:

 Spells                   Type           Power      Damage    Failure   Level
 Mephitic Cloud           Conj/Pois/Air  11%        N/A       19%         3
 Olgreb's Toxic Radiance  Pois           20%        N/A       22%         4
 Iskenderun's Battlesphe  Conj           3%         2d6       99%         5
 Iron Shot                Conj/Erth      1%         9d1       100%        6
 Spellforged Servitor     Conj/Summ      1%         N/A       100%        7


Dungeon Overview and Level Annotations

Branches:
Dungeon (5/15)
 Temple: D:4-7

Altars:


Innate Abilities, Weirdness & Mutations

You cannot wear most types of armour.
You are amphibious.
You can wear up to eight rings at the same time.
Your skin changes colour to match your surroundings (Stealth+).
Your rubbery body absorbs attacks. (AC +1, EV +1)
((You are camouflaged near water. (Stealth+)))
You have tentacles for arms and can constrict up to eight enemies at once.


Message History

The goblin shouts!
You hit Robin. You squeeze Robin.
You kill Robin!
You feel sick. The goblin completely misses you.
The goblin hits you but does no damage.
A goblin comes into view. It is wielding a +0 club.
You completely miss the goblin. Your grab misses the goblin.
You feel sick. The goblin hits you with a +0 dagger. The goblin misses you.
The goblin hits you with a +0 dagger.
Okay, then.
As you read the scroll of teleportation, it crumbles to dust.
You feel strangely unstable.
You feel sick. The goblin hits you with a +0 dagger.
* * * LOW HITPOINT WARNING * * *
The goblin barely misses you. x2
A goblin comes into view. It is wielding a +0 club.
You barely miss the goblin. You grab the goblin. You constrict the goblin.
You feel sick. The goblin closely misses you.
A goblin comes into view. It is wielding a +0 club.
The goblin misses you. The goblin barely misses you.
The goblin moves out of view.
You barely miss the goblin.
The goblin is moderately wounded.
You constrict the goblin.
You kill the goblin!
You feel sick. The goblin completely misses you.
The goblin hits you with a +0 dagger.
* * * LOW HITPOINT WARNING * * *
The goblin closely misses you.
Your surroundings seem slightly different.
You feel sick.
You are no longer poisoned.
The goblin no longer looks unusually strong.
A dart slug comes into view.
A rat comes into view.
The goblin no longer looks unusually strong.
The dart slug launches a dart at you. The slug dart misses you.
The dart slug launches a dart at you. The slug dart hits you.
You die...

.######............ #####...
..........##.........# #...
..#######.##.........# ......
..#######.##.........### #####.
...).รท................. ....
..##########.........## #.##.
..####### #....<.....## #. #.
........# #...........## #.##.
.######.# ##.#@##.....#### ..#.
......... .#.#.......#<# #.#.
.######.# #...........# #.#.
........# ##...?....$..###...
.##############..................
.........gg.....w............##!.
#############.................#..
.... ....................#. ....
#......................


You could see a dart slug.

Vanquished Creatures
  A hound (D:5)
  A hound skeleton (D:5)
  Robin (D:3)
  3 gnolls (D:3)
  2 adders
  2 worms
  A dart slug (D:2)
  5 ball pythons
  4 endoplasms
  3 giant cockroaches
  3 hobgoblins
  2 quokkas (D:2)
  6 bats
  4 frilled lizards
  8 goblins
  4 kobolds
  10 rats
60 creatures vanquished.

Notes
Turn   | Place    | Note
-------+----------+-------------------------------------------
     0 | D:1      | rabbitsville the Octopode Venom Mage began the quest for
                  | the Orb.
     0 | D:1      | Reached XP level 1. HP: 11/11 MP: 3/3
   343 | D:1      | Reached XP level 2. HP: 17/17 MP: 1/5
  1382 | D:1      | Found a faded altar of an unknown god.
  1656 | D:2      | Reached XP level 3. HP: 16/21 MP: 7/7
  2673 | D:3      | Reached XP level 4. HP: 18/27 MP: 6/8
  2967 | D:4      | Learned a level 2 spell: Poisonous Vapours
  3034 | D:3      | You fall into a shaft and drop 2 floors!
  3034 | D:5      | Entered Level 5 of the Dungeon
  3076 | D:5      | Reached skill level 1 in Air Magic
  3343 | D:3      | Reached XP level 5. HP: 25/31 MP: 5/10
  3659 | D:3      | Noticed Robin
  3677 | D:3      | Killed Robin
  3698 | D:3      | Killed from afar by a dart slug

Illustrated notes

Levels and vault maps discovered:
D:1:      mrwooster_arrival_statue, layout_basic,
          shapermc_ecumenical_altar_pompeii, supply_closet_lemuel,
          minmay_tetromino_s2
D:2:      layout_basic
D:3:      layout_basic, uniq_robin
D:4:      layout_layer_cave, cheibriados_altar_1, minmay_quantized
D:5:      layout_loops_cross, gammafunk_temple_overflow_claw,
          minmay_temple_entry_tees

Skill      XL: |  1  2  3  4 |
---------------+-------------+-----
Stealth        | 3 4 |  4.3
Poison Magic   | 4 |  4.5
Spellcasting   | 3 |  3.6
Air Magic      | 1 |  1.4
Dodging        | |  2.0
Transmutations | |  1.0

Action                   |  1- 3 |  4- 6 || total
-------------------------+-------+-------++-------
Melee: Whip              |    65 |    41 ||   106
       Constrict         |    17 |     9 ||    26
       Tentacles         |    13 |     9 ||    22
 Cast: Sting             |    27 |     6 ||    33
       Poisonous Vapours |       |     8 ||     8
  Use: Scroll            |       |     2 ||     2
 Stab: Sleeping          |     2 |       ||     2
Armor: Skin              |    10 |    10 ||    20
Dodge: Dodged            |    57 |    46 ||   103

Table legend: (Time is in decaauts)
 A = Elapsed time spent in this place.
 B = Non-inter-level travel time spent in this place.
 C = Inter-level travel time spent in this place.
 D = Time resting spent in this place.
 E = Time spent auto-exploring this place.
 F = Levels seen in this place.
 G = Mean time per level.
                   A        B        C        D        E       F      G
               +--------+--------+--------+--------+--------+-----+--------+
         Total |   3707 |   3673 |     34 |    913 |   1759 |   5 |  741.4 |
       Dungeon |   3707 |   3673 |     34 |    913 |   1759 |   5 |  741.4 |
               +--------+--------+--------+--------+--------+-----+--------+

Top non-repeatable levels by time:
     D:1: 1456 daAuts
     D:2: 1170 daAuts
     D:3: 680 daAuts
     D:4: 323 daAuts
     D:5: 76 daAuts
